AoeStats
← [CL] Al3jandr0.magn00

Arabia

504811431Analyzed
1v1 RM · 25d ago on Sep 6, 2026· 30m 41s· 2 players
Game mode
Random Map
Map size
Tiny (2 player)
Population
200
Speed
Normal
Resources
Standard
Victory
Conquest
Starting age
Dark Age
Ending age
Imperial Age
RankedLock teamsTeams togetherTeam positionsShared explorationLock speedFull tech treeHidden civsTurbo modeCheats
Victory
Defeat
🇵🇪 Burmese · Peru
1961
+16
🇦🇷 Bulgarians · Argentina
1952
-16
[CL] Al3jandr0.magn00
6:40 Loom
9:10 Feudal Age
16:39 Padded Archer Armor
20:16 Double-Bit Axe
23:20 Castle Age
21:41 Double-Bit Axe
22:09 Fletching
22:26 Horse Collar
22:57 Gold Mining
23:59 Bodkin Arrow
26:07 Wheelbarrow
27:21 Bow Saw
28:05 Ballistics
29:55 Bloodlines
nW | AtilA
9:00 Feudal Age
9:03 Man-at-Arms
16:30 Loom
21:12 Castle Age
19:32 Gold Mining
19:49 Horse Collar
20:20 Fletching
23:12 Bodkin Arrow
24:44 Wheelbarrow
26:09 Husbandry
26:11 Padded Archer Armor
26:42 Hand Cart
28:15 Ballistics
27:56 Town Watch
28:41 Fervor
30:27 Bloodlines
Connection lost

Rejoining the realm…

Still unreachable

The connection could not be restored.

Session expired

The server has moved on; the page needs a fresh start.